 Dungeon Crawl Stone Soup version 0.18.1-5-g4a78601 (webtiles) character file.

26 F1L1N the Shield-Bearer (level 3, -7/29 HPs)
             Began as a Formicid Fighter on May 13, 2016.
             Mangled by a kobold
             ... wielding a +0 dagger of electrocution
              (13 damage)
             ... on level 2 of the Dungeon.
             The game lasted 00:00:56 (543 turns).

F1L1N the Shield-Bearer (Formicid Fighter)           Turns: 543, Time: 00:00:57

Health: -7/29      AC:  8    Str: 21    XL:     3   Next: 22%
Magic:  3/3        EV:  8    Int: 10    God:
Gold:   58         SH:  9    Dex: 10    Spells: 0 memorised, 2 levels left

rFire  . . .     SeeInvis +     a - +0 flail
rCold  . . .     Gourm    .     b - +0 scale mail
rNeg   . . .     Faith    .     c - +0 shield
rPois  .         Spirit   .     (helmet unavailable)
rElec  .         Dismiss  .     (no cloak)
rCorr  .         Reflect  .     (no gloves)
SustAt .         Harm     .     l - +0 pair of boots
MR     .....                    e - amulet of magic regeneration
Stlth  ..........               (no ring)
                                m - +3 ring of intelligence

@: not resistant to hostile enchantments, extremely unstealthy
A: permanent stasis, dig shafts and tunnels, four strong arms, antennae 3
a: Dig, Shaft Self


You were on level 2 of the Dungeon.
You were not hungry.

You visited 1 branch of the dungeon, and saw 2 of its levels.

You collected 58 gold pieces.

Inventory:

Hand Weapons
 a - a +0 flail (weapon)
Armour
 b - a +0 scale mail (worn)
 c - a +0 shield (worn)
 l - a +0 pair of boots (worn)
Jewellery
 e - an amulet of magic regeneration (around neck)
 m - a +3 ring of intelligence (left hand)
Scrolls
 h - a scroll of random uselessness {unknown}
 j - a scroll of remove curse {unknown}
 n - a scroll of immolation {unknown}
 p - a scroll of recharging {unknown}
Potions
 d - a potion of might
 o - a potion of ambrosia {unknown}
Comestibles
 f - a bread ration
 g - a fruit
 i - 2 meat rations
 k - a slice of pizza


   Skills:
 + Level 3.5 Fighting
 + Level 2.1 Maces & Flails
 + Level 3.4 Armour
 + Level 0.5 Dodging
 * Level 4.3 Shields


You had 2 spell levels left.
You didn't know any spells.

Dungeon Overview and Level Annotations

Branches:
Dungeon (2/15)

Altars:


Innate Abilities, Weirdness & Mutations

You are under a permanent stasis effect.
You can dig through walls and to a lower floor.
Your four strong arms can wield two-handed weapons with a shield.
You have a pair of large antennae on your head (SInv).


Message History

You are too injured to fight recklessly!
You are too injured to fight recklessly!
You are too injured to fight recklessly!
You are too injured to fight recklessly!
You are too injured to fight recklessly!
You are too injured to fight recklessly!
You are too injured to fight recklessly!
You are too injured to fight recklessly!
You are too injured to fight recklessly!
A kobold is nearby!
You are too injured to fight recklessly!
A kobold is nearby!
You closely miss the kobold. The kobold closely misses you.
You hit the kobold but do no damage. You block the kobold's attack.
The kobold hits you but does no damage.
You closely miss the kobold. You block the kobold's attack.
You hit the kobold.
The kobold is severely wounded.
The kobold hits you but does no damage.
You are electrocuted!
You die...

#.#(...##
.#.#.....##
#..........# #
##.......###.##.#
#..##...###[....
#.. #......# #..
#....$.# #.
#......# #...@..+
.....##†K.# #....
#...# ..... ....+
#... ....# #.$
'..... #.##### #.


You could see a kobold.

Vanquished Creatures
  A dart slug (D:1)
  3 bats (D:1)
  4 goblins (D:1)
  4 hobgoblins
  3 jackals (D:1)
  A ball python (D:1)
  A giant newt (D:1)
  2 kobolds (D:1)
  3 rats (D:1)
22 creatures vanquished.

Notes
Turn   | Place    | Note
--------------------------------------------------------------
     0 | D:1      | F1L1N the Formicid Fighter began the quest for the Orb.
     0 | D:1      | Reached XP level 1. HP: 18/18 MP: 1/1
    85 | D:1      | Reached XP level 2. HP: 16/24 MP: 2/2
    86 | D:1      | Reached skill level 4 in Shields
   282 | D:1      | Reached XP level 3. HP: 29/29 MP: 3/3
   543 | D:2      | Mangled by a kobold

Skill      XL: |  1  2 |
---------------+-------+-----
Shields        | 4 |  4.3
Fighting       | |  3.5
Maces & Flails | |  2.1
Armour         | |  3.4
Dodging        | |  0.5

Action                   || total
-------------------------++-------
Melee: Flail             ||    83
Armor: Scale mail        ||    47
Dodge: Dodged            ||    43
Block: Shield            ||    55
